 Crawl Stoat Soup version 0.23-ish-327-92-g4e138c7aa0 (console) character file.

20 ceb the Grave Robber (level 2, -2/17 HPs)
             Began as a Faerie Dragon Necromancer on Apr 5, 2024.
             Slain by a goblin
             ... wielding a +0 club
              (3 damage)
             ... on level 2 of the Dungeon.
             The game lasted 00:00:30 (46 turns).

ceb the Grave Robber (Faerie Dragon Necromancer)      Turns: 46, Time: 00:00:30

Health: -2/17      AC:  6    Str:  6    XL:     2   Next: 79%
Magic:  5/5        EV: 14    Int: 18    God:
Gold:   0          SH:  6    Dex: 12    Spells: 5/6 levels left

rFire    . . .     SeeInvis .   a - +0 short sword
rCold    . . .     Gourm    .   (shield restricted)
rNeg     . . .     Faith    .   (armour unavailable)
rPois    .         Spirit   .   (helmet restricted)
rElec    .         Warding  .   (no cloak)
rCorr    .         Reflect  .   (no gloves)
MR       .....     Harm     .   (no boots)
Stlth    +.........             (no amulet)
HPRegen  0.05/turn              (no ring)
MPRegen  0.09/turn              (no ring)

@: flying
A: small, sparkly, unfitting armour, magic attunement, magical scales, able to
fly
a: Stop Flying


You were on level 2 of the Dungeon.
You were not hungry.

You visited 1 branch of the dungeon, and saw 2 of its levels.

Inventory:

Hand Weapons
 a - a +0 short sword (weapon)
Comestibles
 c - a bread ration


   Skills:
 + Level 2.7 Dodging
 - Level 1.2 Stealth
 + Level 2.9 Spellcasting
 + Level 5.1 Necromancy


You had 5 spell levels left.
You knew the following spells:

 Your Spells              Type           Power        Failure   Level  Hunger
a - Necrotise             Necr           21/25        1%          1    None

Your spell library contained the following spells:

 Spells                   Type           Power        Failure   Level  Hunger
 Vampiric Draining        Necr           21/200       6%          3    None
 Animate Dead             Necr           N/A          19%         4    None
 Regeneration             Chrm/Necr      11/200       50%         4    None


Dungeon Overview and Level Annotations

Branches:
Dungeon (1/15)

Altars:


Innate Abilities, Weirdness & Mutations

Your sparkly wings attract attention (Stealth-).
You are small and have problems with some larger weapons.
You cannot fit into any form of body armour.
Your spells do not cause hunger; their MP costs are reduced by 1.
Your shimmering scales repel attacks (AC +6, SH +6).
You can fly continuously.


Message History

You are no longer poisoned.
A goblin comes into view. It is wielding a club.
Found 4 poisoned darts.
A goblin is nearby!
You swap places.
You see here a mace.
The goblin misses you.
Casting: Necrotise (safe; 1% risk of failure)
Confirm with . or Enter, or press ? or * to list all spells.
Aiming: Necrotise (safe; 1% risk of failure)
Press: ? - help, Shift-Dir - straight line, f - goblin
Aim: a goblin, wielding a club (chance to defeat MR: 91%)
The goblin writhes in agony.
The goblin misses you.
Casting: Necrotise (safe; 1% risk of failure)
Confirm with . or Enter, or press ? or * to list all spells.
Aiming: Necrotise (safe; 1% risk of failure)
Press: ? - help, Shift-Dir - straight line, f/p - goblin
Aim: a goblin, wielding a club (moderately wounded, chance to defeat MR: 91%)
The goblin barely resists.
The goblin hits you with a club.
You die...

#....g..........#
#....Z@.........#
#....Z....$.....#
#.....##........#
#..(.###........#
#....# #........#
#....# ......
#....# ....
#....# ....
######


You could see a goblin, a friendly goblin skeleton and a friendly kobold
skeleton.

Vanquished Creatures
  An adder (D:2)
  A worm (D:2)
  A ball python (D:2)
  2 goblins (D:2)
  A hobgoblin (D:2)
  2 kobolds (D:2)
8 creatures vanquished.

Notes
Turn   | Place    | Note
-------+----------+-------------------------------------------
     0 | D:1      | ceb the Faerie Dragon Necromancer began the quest for the
                  | Orb.
     0 | D:1      | Reached XP level 1. HP: 11/11 MP: 3/3
     2 | D:1      | You are sucked into a shaft!
    15 | D:2      | Reached skill level 5 in Necromancy
    17 | D:2      | Reached XP level 2. HP: 16/17 MP: 5/5
    46 | D:2      | Slain by a goblin

Vault maps used:
D:1:      sevenhm_arrival_forest_fort_large_4, minivault_4
D:2:      dancing_weapons_uskayaw, first_bread, uniq_natasha

Skill      XL: |  1 |
---------------+----+-----
Necromancy     | 5 |  5.1
Dodging        | |  2.7
Stealth        | |  1.2
Spellcasting   | |  2.9

Action                   || total
-------------------------++-------
 Cast: Necrotise         ||    21
Dodge: Dodged            ||     6

Table legend:
 A = Spawn XP
 B = Non-spawn XP
 C = Spawn XP percentage of total XP
 D = Spawn monster count
 E = Non-spawn monster count
 F = Spawn count percentage of total count
 G = Total turns spent on level
                    A         B        C        D         E        F      G
               +---------+---------+-------+---------+---------+-------+---------
         Total |       0 |      29 |   0.0 |       0 |       8 |   0.0 |    46
               +---------+---------+-------+---------+---------+-------+---------
           D:2 |       0 |      29 |   0.0 |       0 |       8 |   0.0 |    44
               +---------+---------+-------+---------+---------+-------+---------
